 Dungeon Crawl Stone Soup version 0.30.1-3-gfc49f6343a (webtiles) character file.

Game seed: 7263800111134082925

53 jtron the Caller (level 3, 0/19 HPs)
             Began as a Deep Elf Summoner on July 28, 2023.
             Slain by Grinder (1 damage)
             ... on level 3 of the Dungeon.
             The game lasted 00:05:08 (1788 turns).

jtron the Caller (Deep Elf Summoner)                Turns: 1788, Time: 00:05:09

Health: 0/19       AC:  3    Str:  5    XL:     3   Next: 64%
Magic:  7/10       EV: 13    Int: 21    God:
Gold:   158        SH:  0    Dex: 15    Spells: 5/9 levels left

rFire   . . .        a - +0 dagger
rCold   . . .        (no shield)
rNeg    . . .        c - +0 robe
rPois   .            (no helmet)
rElec   .            f - scarf {repulsion}
rCorr   .            d - +0 pair of gloves
SInv    .            (no boots)
Will    .....        (no amulet)
Stlth   ++           (no ring)
HPRegen 0.23/turn    (no ring)
MPRegen 0.12/turn

%: repel missiles
@: no status effects
A: no striking features
a: no special abilities


You were on level 3 of the Dungeon.
You visited 1 branch of the dungeon, and saw 3 of its levels.

You collected 158 gold pieces.

Inventory:

Hand Weapons
 a - a +0 dagger (weapon)
Missiles
 g - 14 poisoned darts
 o - 2 boomerangs
Armour
 c - a +0 robe (worn)
 d - a +0 pair of gloves (worn)
 f - a scarf of repulsion (worn)
Jewellery
 i - a ring of fire
 p - a ring of ice
Scrolls
 h - a scroll of blinking {unknown}
 k - a scroll of enchant armour {unknown}
Potions
 b - a potion of magic
 e - a potion of berserk rage {unknown}
 j - a potion of curing {unknown}
 l - 3 potions of heal wounds {unknown}
 m - a potion of flight {unknown}
 n - a potion of brilliance {unknown}


   Skills:
 + Level 0.2 Fighting
 + Level 0.8 Short Blades
 + Level 2.8 Dodging
 + Level 2.6 Stealth
 + Level 3.7 Spellcasting
 + Level 5.1 Summonings


You had 5 spell levels left.
You knew the following spells:

 Your Spells              Type           Power      Damage    Failure   Level
a - Summon Small Mammal   Summ           100%       N/A       1%          1
b - Call Canine Familiar  Summ           25%        N/A       4%          3

Your spell library contained the following spells:

 Spells                   Type           Power      Damage    Failure   Level
 Call Imp                 Summ           50%        N/A       2%          2
 Beastly Appendage        Tmut           6%         N/A       12%         1
 Summon Guardian Golem    Hex/Summ       14%        N/A       13%         3
 Wereblood                Tmut           3%         N/A       19%         2
 Spider Form              Tmut/Pois      3%         N/A       36%         3
 Summon Lightning Spire   Summ/Air       14%        N/A       38%         4


Dungeon Overview and Level Annotations

Branches:
Dungeon (3/15)

Altars:

Annotations:
D:3 Grinder


Message History

The ball python is severely wounded.
The ball python bites you but does no damage.
The ball python barely misses you.
You hit the ball python.
You kill the ball python!
No target in view!
No target in view!
You open the door.
There is an open door here.
You open the large door.
There is a large open door here.
There is a large open door here.
You now have 139 gold pieces (gained 13).
There is a large open door here.
There is a large open door here.
There is an open door here.
You see here a +0 sling.
You see here 7 stones.
Found a pair of gloves.
Done exploring.
Done exploring.
There is a stone staircase leading down here.
You climb downwards.
There is a stone staircase leading up here.
There is a stone staircase leading up here.
p - a ring of ice You now have 158 gold pieces (gained 19).
Grinder comes into view.
Grinder shouts!
Grinder misses you.
You closely miss Grinder. Grinder hits you!
You writhe in agony.
You are too injured to fight recklessly!
You are too injured to fight recklessly!
Casting: Summon Small Mammal (safe; 1% risk of failure)
Confirm with . or Enter, or press ? or * to list all spells.
The spell is quite dangerous to miscast (4% risk of failure)!
Continue anyway?
Grinder hits you.
* * * LOW HITPOINT WARNING * * *
You writhe in agony.
You die...

#^# ##.# .#.#
####### .#.#
#....h# .#.#
#.###@# .#.#
#.# #5#
.#.#### #.#
#.#
......######.#
#.#
...##.#......#
#.#
#####.#.######
#.# #.#.# #.#
#.#.# #.#
#...#


You could see Grinder (ally target) and a friendly hound (summoned).

Vanquished Creatures
  2 ball pythons
  3 endoplasms (D:1)
  A giant cockroach (D:1)
  3 hobgoblins (D:1)
  A quokka (D:1)
  A bat (D:2)
  2 frilled lizards
  A goblin (D:1)
  A kobold (D:2)
  A rat (D:1)
16 creatures vanquished.

Vanquished Creatures (collateral kills)
  An adder (D:2)
  2 worms (D:2)
  2 endoplasms (D:2)
  2 giant cockroaches (D:1)
  2 goblins
  2 hobgoblins (D:2)
  3 kobolds
  2 quokkas (D:2)
  2 ball pythons (D:2)
  A bat (D:1)
  A frilled lizard (D:1)
  A rat (D:1)
21 creatures vanquished.

Vanquished Creatures (others)
  A quokka (D:2)
1 creature vanquished.

Grand Total: 38 creatures vanquished

Notes
Turn   | Place    | Note
-------+----------+-------------------------------------------
     0 | D:1      | jtron the Deep Elf Summoner began the quest for the Orb.
     0 | D:1      | Reached XP level 1. HP: 10/10 MP: 6/6
   140 | D:1      | Reached XP level 2. HP: 15/15 MP: 6/8
   822 | D:1      | Found a faded altar of an unknown god.
  1095 | D:2      | Reached XP level 3. HP: 10/19 MP: 7/9
  1176 | D:1      | Learned a level 3 spell: Call Canine Familiar
  1424 | D:2      | Reached skill level 5 in Summonings
  1785 | D:3      | Noticed Grinder
  1788 | D:3      | Slain by Grinder

Illustrated notes

Levels and vault maps discovered:
D:1:      saegor_arrival_simple_d, layout_loops_ring,
          hellmonk_ecumenical_altar_defaced_shrine
D:2:      layout_basic, minmay_pentomino_u4
D:3:      layout_basic, nicolae_overflow_ecumenical_swirl,
          gammafunk_temple_overflow_wave, uniq_robin, uniq_grinder

Skill      XL: |  1  2  3 |
---------------+----------+-----
Summonings     | 5 |  5.1
Fighting       | |  0.2
Short Blades   | |  0.8
Dodging        | |  2.8
Stealth        | |  2.6
Spellcasting   | |  3.7

Action                     || total
---------------------------++-------
  Melee: Dagger            ||   106
         Unarmed           ||     1
         Punch             ||     3
   Cast: Summon Small Mamm ||    34
         Call Canine Famil ||     5
    Use: Scroll            ||     1
   Stab: Sleeping          ||     5
         Distracted        ||     1
 Armour: Robe              ||    33
  Dodge: Dodged            ||    91
